 Dungeon Crawl Stone Soup version 0.25.1-2-g60ff931df9 (webtiles) character file.

Game seed: 1860936521106360569

37725 DildoBatman the Tortoise (level 14, -1/98 HPs)
             Began as a Formicid Wizard on Oct 23, 2020.
             Was the Champion of Kikubaaqudgha.
             Killed from afar by a frost giant (17 damage)
             ... with a bolt of cold
             ... in an ice cave.
             The game lasted 01:27:00 (18177 turns).

DildoBatman the Tortoise (Formicid Wizard)         Turns: 18177, Time: 01:27:01

Health: -1/98      AC: 14    Str: 12    XL:     14   Next: 30%
Magic:  0/25       EV: 13    Int: 23    God:    Kikubaaqudgha [******]
Gold:   1846       SH: 10    Dex:  9    Spells: 4/28 levels left

rFire    x x .     SeeInvis +   a - +7 scimitar (flame)
rCold    + + .     Gourm    .   h - +0 kite shield
rNeg     . . .     Faith    .   o - +3 troll leather armour
rPois    .         Spirit   .   (helmet unavailable)
rElec    .         Reflect  .   (no cloak)
rCorr    .         Harm     .   z - +0 pair of gloves
MR       +....                  u - +1 pair of boots
Stlth    ++........             (no amulet)
HPRegen  0.66/turn              A - ring of ice
MPRegen  0.19/turn              P - ring of ice

@: no status effects
A: permanent stasis, dig shafts and tunnels, four strong arms, antennae 3
a: Dig, Shaft Self, Receive Corpses, Torment, Renounce Religion


You were in an ice cave.
You worshipped Kikubaaqudgha.
Kikubaaqudgha was exalted by your worship.
You were very hungry.

You visited 3 branches of the dungeon, and saw 14 of its levels.
You also visited: Ossuary and Ice Cave.

You collected 1883 gold pieces.
You spent 37 gold pieces at shops.

Inventory:

Hand Weapons
 a - a +7 scimitar of flaming (weapon)
 b - a +0 hunting sling
 e - a +0 dagger of venom
Missiles
 j - 203 stones
 m - 16 javelins
 t - 63 poisoned darts (quivered)
 E - a throwing net
 G - 86 bolts
 I - 12 curare-tipped darts
 N - 237 arrows
 R - 8 sling bullets
Armour
 h - a +0 kite shield (worn)
 o - a +3 troll leather armour (worn)
 u - a +1 pair of boots (worn)
 z - a +0 pair of gloves (worn)
Magical Staves
 T - an uncursed staff of air
 W - an uncursed staff of poison
Jewellery
 y - an uncursed ring of poison resistance
 A - a ring of ice (left hand)
 D - an uncursed ring of fire
 J - the ring of Filohum {+Fly Int+2}
   (You found it on level 8 of the Dungeon)

   [ring of flight]

   It affects your intelligence (+2).
   It lets you fly.
 P - a ring of ice (right hand)
Wands
 g - a wand of clouds (13)
 k - a wand of paralysis (15)
 M - a wand of flame (49)
 S - a wand of iceblast (12)
Scrolls
 c - 2 scrolls of identify
 f - 9 scrolls of amnesia
 l - 5 scrolls of immolation
 s - a scroll of silence {unknown}
 x - 8 scrolls of remove curse
 C - a scroll of brand weapon {unknown}
 K - a scroll of fear {unknown}
 Q - a scroll of fog {unknown}
 V - a scroll of magic mapping {unknown}
Potions
 d - a potion of might
 i - 3 potions of stabbing {unknown}
 n - a potion of flight
 p - 3 potions of curing
 r - a potion of heal wounds {unknown}
 w - a potion of resistance {unknown}
 B - a potion of ambrosia {unknown}
 H - a potion of brilliance {unknown}
 L - 4 potions of cancellation
 O - 2 potions of lignification {unknown}
 U - a potion of invisibility {unknown}
Miscellaneous
 F - a box of beasts
Comestibles
 q - 23 chunks of flesh
 v - 19 rations


   Skills:
 * Level 5.3 Fighting
 - Level 15.0 Armour
 * Level 5.0 Dodging
 - Level 2.4 Stealth
 - Level 9.0 Shields
 * Level 7.8 Spellcasting
 - Level 6.0 Conjurations
 * Level 3.3 Charms
   Level 1.0 Summonings
 - Level 9.0 Necromancy
   Level 0.8 Translocations
 - Level 5.0 Fire Magic
 * Level 3.3 Ice Magic
 - Level 4.0 Air Magic
 - Level 11.0 Earth Magic
 - Level 5.0 Poison Magic


You had 4 spell levels left.
You knew the following spells:

 Your Spells              Type           Power        Failure   Level  Hunger
a - Conjure Flame         Conj/Fire      ####....     2%          3    None
b - Borgnjor's Vile Clut  Necr/Erth      ######....   3%          5    #####..
c - Magic Dart            Conj           ####         1%          1    None
d - Vampiric Draining     Necr           ######....   1%          3    None
e - Mephitic Cloud        Conj/Pois/Air  ####....     3%          3    None
g - Ozocubu's Armour      Chrm/Ice       ######..     6%          3    None
h - Dispel Undead         Necr           ######..     1%          4    ###....
z - Sublimation of Blood  Necr           ######....   1%          2    None

Your spell library contained the following spells:

 Spells                   Type           Power        Failure   Level  Hunger
 Pain                     Necr           ####         1%          1    None
 Corpse Rot               Necr/Air       N/A          1%          2    None
 Animate Dead             Necr           N/A          1%          4    ###....
 Freeze                   Ice            ####         2%          1    None
 Ensorcelled Hibernation  Hex/Ice        #####.       6%          2    None
 Frozen Ramparts          Ice            ######       6%          3    None
 Dazzling Flash           Conj/Hex       ###...       8%          3    None
 Corona                   Hex            #......      9%          1    None
 Call Imp                 Summ           ##......     9%          2    None
 Petrify                  Tmut/Erth      ####....     9%          4    ###....
 Hailstorm                Conj/Ice       ######..     12%         4    ###....
 Slow                     Hex            #.......     13%         2    None
 Gell's Gravitas          Tloc           ##........   19%         3    None
 Teleport Other           Tloc           ##......     19%         3    None
 Confusing Touch          Hex            #.......     26%         3    None
 Tukima's Dance           Hex            #.......     26%         3    None
 Summon Ice Beast         Ice/Summ       #####...     34%         4    ###....
 Agony                    Necr           ######..     6%          5    #####..
 Simulacrum               Ice/Necr       ######....   71%         6    ######.
 Metabolic Englaciation   Hex/Ice        #####.....   75%         5    #####..
 Yara's Violent Unravell  Hex/Tmut       #.........   93%         5    #####..
 Haunt                    Necr/Summ      ####......   100%        7    #######
 Borgnjor's Revivificati  Necr           ######....   100%        8    #######
 Death's Door             Chrm/Necr      #####.....   100%        8    #######
 Infestation              Necr           ######....   100%        8    #######
 Necromutation            Tmut/Necr      ####......   100%        8    #######
 Shatter                  Erth           ######....   100%        9    #######
 Blink                    Tloc           Unusable     N/A         2    N/A
 Controlled Blink         Tloc           Unusable     N/A         8    N/A

Dungeon Overview and Level Annotations

Branches:
Dungeon (11/15)            Temple (1/1) D:7            Lair (0/6) D:8
    Orc (2/2) D:9             Elf (0/3) Orc:2       Ossuary (visited)
  IceCv (1/1)

Altars:
Ashenzari
Cheibriados
Dithmenos
Elyvilon
Fedhas
Gozag
Hepliaklqana
Kikubaaqudgha
Makhleb
Nemelex Xobeh
Okawaru
Qazlal
Ru
Sif Muna
Trog
Uskayaw
Vehumet
Wu Jian
Xom
Yredelemnul
Zin
The Shining One

Shops:
D:4 =   D:5 :   D:6 *((   D:7 (   Orc:2 *%=%

Annotations:
D:11 3 runed translucent doors


Innate Abilities, Weirdness & Mutations

You cannot be hasted, slowed, berserked, paralysed or teleported.
You can dig through walls and to a lower floor.
Your four strong arms can wield two-handed weapons with a shield.
You have a pair of large antennae on your head. (SInv)


Message History

You dig through the ice covered rock wall.
The polar bear is engulfed in freezing vapours.
Casting: Vampiric Draining (safe; 1% risk of failure)
Confirm with . or Enter, or press ? or * to list all spells.
Aiming: Borgnjor's Vile Clutch (dangerous; 3% risk of failure)
Press: ? - help, Shift-Dir - straight line, f/p - frost giant
Aim: a frost giant, wielding a +0 battleaxe of freezing (freezing vapour, severely wounded) Zombie hands grab the polar bear.
Zombie hands grab the frost giant.
You are feeling very hungry.
The zombie hands constrict the frost giant.
The zombie hands constrict the polar bear!
The polar bear escapes!
The frost giant gestures at you while chanting.
The bolt of cold hits the polar bear!
The polar bear resists.
The bolt of cold hits you! You resist.
You die...
Kikubaaqudgha rasps: "You have failed me!
Welcome... death!"

### ######@###
###†○°#h..°#######
#h.{{#.≈°##...#..# #
#....##C#######..#
####### ...hh
#○≈☼≈≈≈##..#####.≈≈#≈≈
..hh
#≈≈≈≈≈≈≈≈##..##..≈#≈≈≈≈
##.
###≈≈≈≈≈≈≈###...##≈≈≈#≈
# ####≈≈≈≈≈ #####≈≈≈###
##### #≈≈#≈≈≈≈


You could see a frost giant (clutched) and a polar bear.

Vanquished Creatures
  The ghost of Potutehi the Blocker, a journeyman DDFi of Makhleb (Orc:1)
  The ghost of Rotem the Fighter, a journeyman MfTm of Wu Jian (Orc:1)
  An ettin (Orc:2)
  Erica (D:11)
  A dancing weapon (Orc:1)
  8 two-headed ogres
  2 ogre magi
  2 death yaks (IceCv)
  An unseen horror (D:11)
  2 deep trolls (Orc:2)
  3 orc knights
  Pikel (D:9)
  2 orc sorcerers (Orc:2)
  2 cyclopes (Orc:2)
  2 deep elf magi (Orc:2)
  Joseph (D:9)
  A rime drake (IceCv)
  13 polar bears (IceCv)
  9 trolls
  3 hippogriffs
  32 yaks
  2 hungry ghosts
  7 wargs
  2 water moccasins
  6 ice beasts
  A phantom (D:3)
  3 sky beasts
  A swamp drake (Orc:2)
  A black bear (D:8)
  16 orc warriors
  3 slaves (D:9)
  21 ogres
  2 necrophages
  14 wolves (IceCv)
  7 centaurs
  A crocodile (D:9)
  3 bullfrogs
  A gnoll sergeant (Orc:1)
  A wyvern zombie (D:8)
  5 scorpions
  10 killer bees
  8 wights
  A howler monkey (D:10)
  10 crimson imps
  3 bullfrog zombies
  A centaur skeleton (D:8)
  18 orc wizards
  2 human zombies (Ossuary)
  3 jellies
  A gnoll shaman (D:8)
  11 orc priests
  6 hounds
  An iron imp (Orc:2)
  A bullfrog skeleton (D:7)
  8 iguanas
  Natasha (thrice) (D:4)
  5 worker ants
  A hound skeleton (D:4)
  2 hound zombies
  4 mummies (Ossuary)
  A worker ant zombie (D:4)
  5 adders
  5 gnolls (D:8)
  3 howler monkey skeletons
  A shadow imp (Orc:2)
  12 white imps (D:11)
  An ooze (D:3)
  An adder skeleton (D:4)
  2 adder zombies (D:4)
  4 worms
  A dart slug (D:5)
  4 leopard geckos
  69 orcs
  2 giant cockroaches
  A gnoll zombie (D:7)
  7 goblins
  6 hobgoblins
  6 jackals
  6 quokkas
  7 bats
  8 frilled lizards
  A giant cockroach zombie (D:4)
  2 hobgoblin zombies (Ossuary)
  3 jackal zombies (Ossuary)
  3 kobolds
  3 kobold zombies (Ossuary)
  A leopard gecko zombie (D:4)
  2 quokka skeletons
  8 rats
  A rat zombie (Ossuary)
  A spectral orc (D:3)
462 creatures vanquished.

Vanquished Creatures (others)
  A polar bear (IceCv)
  2 yaks (IceCv)
  A slave (D:9)
  A white imp (Orc:2)
  An orc (Orc:2)
  2 withered plants (Orc:1)
8 creatures vanquished.

Grand Total: 470 creatures vanquished

Notes
Turn   | Place    | Note
-------+----------+-------------------------------------------
     0 | D:1      | DildoBatman the Formicid Wizard began the quest for the
                  | Orb.
     0 | D:1      | Reached XP level 1. HP: 13/13 MP: 4/4
    49 | D:1      | Reached skill level 1 in Conjurations
   502 | D:1      | Reached XP level 2. HP: 19/19 MP: 4/6
   658 | D:1      | You fall into a shaft and drop 1 floor!
  1263 | D:1      | Reached XP level 3. HP: 24/24 MP: 4/7
  1345 | D:2      | Found an iron altar of Okawaru.
  1693 | D:2      | Found a stormy altar of Qazlal.
  1768 | D:2      | Found a snail-covered altar of Cheibriados.
  1902 | D:2      | Found a hide-covered altar of Uskayaw.
  2350 | D:3      | Reached XP level 4. HP: 17/30 MP: 4/8
  2358 | D:3      | Learned a level 3 spell: Conjure Flame
  2362 | D:3      | Learned a level 3 spell: Mephitic Cloud
  2923 | D:3      | Found a basalt altar of Yredelemnul.
  3071 | D:3      | Reached XP level 5. HP: 35/35 MP: 6/9
  3380 | D:4      | Reached XP level 6. HP: 41/41 MP: 5/10
  3430 | D:4      | Noticed a phantom
  3537 | D:4      | Reached skill level 1 in Poison Magic
  3539 | D:4      | Reached skill level 5 in Conjurations
  3627 | D:4      | Reached skill level 1 in Fire Magic
  3630 | D:4      | Found Wadovar's Jewellery Shop.
  3674 | D:4      | Noticed Natasha
  3773 | D:4      | Reached skill level 1 in Air Magic
  4184 | D:4      | Reached XP level 7. HP: 45/46 MP: 7/11
  4458 | D:4      | Found an opulent altar of Gozag.
  4459 | D:4      | Found a shadowy altar of Dithmenos.
  4709 | D:5      | Entered Level 5 of the Dungeon
  5015 | D:5      | You fall into a shaft and drop 1 floor!
  5434 | D:5      | Found Xicka's Book Shop.
  5488 | D:5      | Reached XP level 8. HP: 24/51 MP: 8/12
  5780 | D:5      | You fall into a shaft and drop 2 floors!
  5936 | D:7      | Reached skill level 5 in Poison Magic
  5989 | D:7      | Found a sand-covered staircase.
  6139 | Ossuary  | Entered an ossuary
  6328 | Ossuary  | Reached XP level 9. HP: 56/56 MP: 13/13
  6629 | D:7      | Found Qoeffar's Weapon Shop.
  6701 | D:7      | Found a staircase to the Ecumenical Temple.
  6714 | Temple   | Entered the Ecumenical Temple
  6821 | Temple   | Became a worshipper of Kikubaaqudgha
  7130 | D:6      | Reached skill level 5 in Fire Magic
  7152 | D:6      | Found Ruparit's General Store.
  7230 | D:6      | Reached skill level 1 in Fighting
  7230 | D:6      | Reached skill level 1 in Armour
  7388 | D:6      | Found Ahaff's Weapon Shoppe.
  7465 | D:6      | Found Ping's Antique Weapon Shop.
  7859 | D:4      | Reached skill level 2 in Armour
  8196 | D:4      | Killed Natasha
  8241 | D:4      | Noticed Natasha
  8246 | D:4      | Killed Natasha
  8357 | D:4      | Noticed Natasha
  8364 | D:4      | Killed Natasha
  8582 | D:5      | Found a shattered altar of Ashenzari.
  8669 | D:5      | Got a spiked plate armour
  8721 | D:5      | Reached skill level 3 in Armour
  9365 | D:8      | Found a staircase to the Lair.
  9391 | D:8      | Reached skill level 5 in Spellcasting
  9423 | D:7      | Reached XP level 10. HP: 69/70 MP: 11/17
  9704 | D:8      | Reached skill level 1 in Necromancy
  9732 | D:8      | Reached * piety under Kikubaaqudgha
  9732 | D:8      | Identified Kikubaaqudgha's Incunabulum of Sinister Magic
                  | (Kikubaaqudgha gifted it to you on level 8 of the Dungeon)
  9732 | D:8      | Received a gift from Kikubaaqudgha
  9737 | D:8      | Learned a level 2 spell: Sublimation of Blood
  9741 | D:8      | Learned a level 3 spell: Vampiric Draining
  9966 | D:8      | Got a shimmering lapis lazuli ring
  9977 | D:8      | Identified the +2 plate armour "Koruippeuv" {rCorr} (You
                  | found it on level 5 of the Dungeon)
  9989 | D:8      | Identified the ring of Filohum {+Fly Int+2} (You found it
                  | on level 8 of the Dungeon)
 10114 | D:8      | Found a white marble altar of Elyvilon.
 10497 | D:9      | Reached skill level 5 in Necromancy
 10646 | D:9      | Noticed Pikel
 10881 | D:9      | Reached XP level 11. HP: 51/75 MP: 5/21
 10939 | D:9      | Reached ** piety under Kikubaaqudgha
 11126 | D:9      | Found a staircase to the Orcish Mines.
 11231 | D:9      | Learned a level 3 spell: Ozocubu's Armour
 11336 | D:9      | Reached skill level 1 in Shields
 11372 | D:9      | Found a blossoming altar of Fedhas.
 11391 | D:9      | Noticed Joseph
 11447 | D:9      | Killed Joseph
 11488 | D:9      | Identified Qudghuiz's Papyrus of the Rocks and
                  | Translocation
 11599 | D:9      | Reached skill level 5 in Shields
 11683 | D:9      | Killed Pikel
 12116 | D:9      | Found a shimmering altar of Xom.
 12116 | D:9      | Found a sacrificial altar of Ru.
 12318 | D:10     | Entered Level 10 of the Dungeon
 12587 | D:10     | Identified the +6 plate armour of Hadjma {+Fly rElec Regen+
                  | Dex-2}
 12823 | D:10     | Reached *** piety under Kikubaaqudgha
 12823 | D:10     | Identified Kikubaaqudgha's Disquisition on Necromancy
                  | (Kikubaaqudgha gifted it to you on level 10 of the Dungeon)
 12823 | D:10     | Received a gift from Kikubaaqudgha
 12862 | D:10     | Learned a level 4 spell: Dispel Undead
 12868 | D:10     | Learned a level 5 spell: Borgnjor's Vile Clutch
 13263 | Orc:1    | Entered Level 1 of the Orcish Mines
 13434 | Orc:1    | Noticed an orc knight
 13464 | Orc:1    | Killed an orc knight
 13464 | Orc:1    | Reached skill level 1 in Earth Magic
 13624 | Orc:1    | Noticed an orc knight
 13650 | Orc:1    | Killed an orc knight
 13650 | Orc:1    | Reached XP level 12. HP: 69/82 MP: 6/22
 13741 | Orc:1    | Noticed a +4 long sword
 13766 | Orc:1    | Found a runed translucent gate.
 13768 | Orc:1    | Found a runed translucent gate.
 13769 | Orc:1    | Found a runed translucent gate.
 13772 | Orc:1    | Noticed Rotem's ghost (journeyman MfTm)
 13772 | Orc:1    | Noticed Potutehi's ghost (journeyman DDFi)
 14127 | Orc:1    | Killed a +4 long sword
 14127 | Orc:1    | Reached skill level 5 in Earth Magic
 14161 | Orc:1    | Killed Rotem's ghost
 14164 | Orc:1    | HP: 4/82 [Potutehi's ghost (16)]
 14165 | Orc:1    | Killed Potutehi's ghost
 14497 | Orc:2    | Entered Level 2 of the Orcish Mines
 14497 | Orc:2    | Found a staircase to the Elven Halls.
 14713 | Orc:2    | Noticed an ogre mage
 14794 | Orc:1    | Reached **** piety under Kikubaaqudgha
 15105 | Orc:1    | Killed an ogre mage
 15105 | Orc:1    | Reached skill level 10 in Earth Magic
 15118 | Orc:2    | Noticed a two-headed ogre
 15125 | Orc:2    | Killed a two-headed ogre
 15141 | Orc:2    | Noticed a deep troll
 15185 | Orc:2    | Killed a deep troll
 15274 | Orc:2    | Noticed a two-headed ogre
 15289 | Orc:2    | Noticed an ogre mage
 15309 | Orc:2    | Killed a two-headed ogre
 15309 | Orc:2    | Reached skill level 5 in Armour
 15472 | Orc:2    | Killed an ogre mage
 15472 | Orc:2    | Reached skill level 7 in Armour
 15550 | Orc:2    | Reached XP level 13. HP: 73/87 MP: 17/23
 15567 | Orc:2    | Reached skill level 8 in Armour
 15979 | Orc:2    | Reached skill level 9 in Armour
 15992 | Orc:2    | Reached skill level 10 in Armour
 16092 | Orc:2    | Reached skill level 11 in Armour
 16198 | Orc:2    | Reached skill level 12 in Armour
 16283 | Orc:2    | Reached skill level 13 in Armour
 16283 | Orc:2    | Noticed an ettin
 16332 | Orc:2    | Killed an ettin
 16332 | Orc:2    | Reached ***** piety under Kikubaaqudgha
 16445 | Orc:2    | Found Jatha's Assorted Antiques.
 16446 | Orc:2    | Found Bahyck's Food Shoppe.
 16446 | Orc:2    | Found Nosy's Jewellery Shoppe.
 16447 | Orc:2    | Found Deush's Food Shop.
 16502 | Orc:2    | Reached skill level 14 in Armour
 16734 | Orc:2    | Bought a scroll labeled LUEMPEZXOTS for 37 gold pieces
 17462 | D:11     | Reached skill level 1 in Ice Magic
 17463 | D:11     | Reached skill level 1 in Charms
 17574 | D:11     | Found a runed translucent gate.
 17574 | D:11     | Found a runed translucent gate.
 17574 | D:11     | Found a runed translucent gate.
 17600 | D:11     | Noticed Erica
 17637 | D:11     | Killed Erica
 17721 | D:11     | Reached XP level 14. HP: 83/96 MP: 6/25
 17724 | D:11     | Found a frozen archway.
 17758 | IceCv    | Entered an ice cave
 17791 | IceCv    | Reached skill level 15 in Armour
 18027 | IceCv    | Reached skill level 5 in Fighting
 18064 | IceCv    | Reached ****** piety under Kikubaaqudgha
 18065 | IceCv    | Received a gift from Kikubaaqudgha
 18153 | IceCv    | Noticed a frost giant
 18171 | IceCv    | Reached skill level 5 in Dodging
 18177 | IceCv    | Killed from afar by a frost giant

Illustrated notes

Levels and vault maps discovered:
D:1:      shiori_arrival_elements, layout_basic, serial_forest,
          infiniplex_forest_clump_small, infiniplex_forest_clump_diagonal,
          infiniplex_forest_clump_medium, infiniplex_forest_clump_medium,
          infiniplex_forest_end_1, infiniplex_forest_corner_1,
          infiniplex_forest_lined_corner, infiniplex_forest_lined_room_,
          minmay_tetromino_i2
D:2:      layout_loops_ring, cheibriados_altar_1, lemuel_doored_altar,
          okawaru_metal_pillars_1_2, grunt_qazlal_clouds
D:3:      minmay_wonky_spiral, layout_basic, yredelemnul_forgotten_temple_becter
D:4:      layout_basic, gammafunk_temple_overflow_wave, serial_undead,
          serial_undead_e, serial_undead_b, serial_undead_c, serial_undead_e,
          serial_undead_b, serial_undead_b, serial_undead_b, serial_shops,
          shop_fountains, first_ration, serial_park_tiny_1, uniq_natasha
D:5:      layout_rooms, kennysheep_little_box, serial_shops, shop
D:6:      layout_loops_corners, serial_shops, shop, shop, shop, grunt_decor_cap,
          hangedman_abyss_or_decor_stagger
D:7:      layout_basic, minmay_temple_entry_poolview, serial_shops,
          nicolae_shop_stone, enter_ossuary_3
D:8:      layout_rooms, erik_lair_orcish_takeover, basic_altar, grunt_ogre_cave
D:9:      layout_loops_cross, fedhas_altar_2, amethyst_overflow_temple_binary,
          erik_orc_4, kennysheep_diamond, chequers_avenue,
          kennysheep_generic_room_3, uniq_joseph, uniq_pikel
D:10:     layout_loops_ring
D:11:     layout_cave_pools, gammafunk_ghost_icy, portal_ice_cave_entry_imps,
          minivault_16, uniq_erica
Temple:   minmay_temple_bridge_abc
Orc:1:    layout_diamond_mine, gammafunk_ghost_cemetery, sword_in_stone
Orc:2:    st_orc_open, layout_caves, hangedman_minor_magic
IceCv:    ice_cave_caverns_03

Skill      XL: |  1  2  3  4  5  6  7  8  9 10 11 12 13 14 |
---------------+-------------------------------------------+-----
Conjurations   | 1 2 3 4 5 6 |  6.0
Poison Magic   | 2 3 5 |  5.0
Fire Magic     | 1 2 4 5 |  5.0
Air Magic      | 1 2 3 4 |  4.0
Fighting       | 3 4 5 |  5.3
Armour         | 3 7 14 15 | 15.0
Dodging        | 3 4 5 |  5.0
Spellcasting   | 5 7 |  7.8
Necromancy     | 7 9 |  9.0
Shields        | 9 |  9.0
Earth Magic    | 3 11 | 11.0
Ice Magic      | 1 3 |  3.3
Charms         | 1 3 |  3.3
Stealth        | |  2.4
Summonings     | |  1.0
Translocations | |  0.8

Action                   |  1- 3 |  4- 6 |  7- 9 | 10-12 | 13-15 || total
-------------------------+-------+-------+-------+-------+-------++-------
Melee: Unarmed           |    13 |       |       |       |       ||    13
       Club              |    11 |       |       |       |       ||    11
       Dagger            |       |    13 |   126 |    28 |       ||   167
       Short sword       |       |       |     4 |       |       ||     4
       Long sword        |       |       |       |   195 |   112 ||   307
       Hunting sling     |       |       |       |     1 |       ||     1
       Scimitar          |       |       |       |       |    98 ||    98
 Fire: Hunting sling     |    29 |   137 |   345 |   356 |    38 ||   905
Throw: Stone             |     7 |       |       |       |       ||     7
       Javelin           |       |       |    10 |       |       ||    10
       Dart              |       |       |     2 |    33 |       ||    35
 Cast: Magic Dart        |    85 |    39 |   100 |    24 |       ||   248
       Mephitic Cloud    |       |     7 |     8 |    71 |    18 ||   104
       Conjure Flame     |       |     7 |    55 |    74 |    12 ||   148
       Vampiric Draining |       |       |       |    27 |    10 ||    37
       Borgnjor's Vile C |       |       |       |    20 |    59 ||    79
       Sublimation of Bl |       |       |       |    12 |    13 ||    25
       Dispel Undead     |       |       |       |     3 |     2 ||     5
Invok: Receive Necronomi |       |       |       |       |     1 ||     1
 Abil: Dig               |     2 |     6 |    19 |    21 |    14 ||    62
  Use: Potion            |     2 |       |     2 |       |     3 ||     7
       Scroll            |       |     2 |     8 |     5 |     7 ||    22
 Stab: Confused          |       |     1 |     2 |     9 |     7 ||    19
  Eat: Chunk             |     4 |     8 |    10 |    27 |    24 ||    73
       Ration            |       |       |     4 |       |       ||     4
Armor: Robe              |     9 |    18 |    64 |    26 |       ||   117
       Troll leather arm |       |       |       |       |   102 ||   102
Dodge: Dodged            |    37 |    59 |   163 |   170 |   164 ||   593
Block: Kite shield       |       |       |       |    60 |   161 ||   221
       Rpst.: Long sword |       |       |       |    31 |    18 ||    49
       Scimitar          |       |       |       |       |    21 ||    21
